 Dungeon Crawl Stone Soup version 0.27-a0-686-gaed091b46b (webtiles) character file.

Game seed: 82006445365219238

835 Essalna the Magician (level 7, -4/36 HPs)
             Began as a Deep Elf Fire Elementalist on Mar 21, 2021.
             Was an Initiate of Vehumet.
             Slain by Edmund
             ... wielding a +2 flail of protection
              (11 damage)
             ... on level 4 of the Dungeon.
             The game lasted 00:08:36 (4613 turns).

Essalna the Magician (Deep Elf Fire Elementalist)   Turns: 4613, Time: 00:08:37

Health: -4/36      AC:  3    Str:  5    XL:     7   Next: 66%
Magic:  13/19      EV: 12    Int: 22    God:    Vehumet [......]
Gold:   106        SH:  0    Dex: 15    Spells: 10/20 levels left

rFire    . . .     SeeInvis .   r - +3 whip (venom)
rCold    . . .     Faith    .   (no shield)
rNeg     . . .     Spirit   .   a - +0 robe
rPois    .         Reflect  .   (no helmet)
rElec    .         Harm     .   (no cloak)
rCorr    .         Rampage  .   (no gloves)
Will     .....                  l - +0 pair of boots
Stlth    ++........             (no amulet)
HPRegen  0.12/turn              o - ring of wizardry
MPRegen  0.16/turn              (no ring)

@: no status effects
A: no striking features
a: Renounce Religion


You were on level 4 of the Dungeon.
You worshipped Vehumet.
Vehumet was noncommittal.
You visited 2 branches of the dungeon, and saw 5 of its levels.

You collected 106 gold pieces.

Inventory:

Hand Weapons
 c - a +0 hand axe
 h - a +2 halberd of venom
 i - a +2 dagger of speed
 m - a +2 dagger of venom
 r - a +3 whip of venom (weapon)
Armour
 a - a +0 robe (worn)
 l - a +0 pair of boots (worn)
Jewellery
 o - a ring of wizardry (right hand)
Wands
 j - a wand of flame (9)
Scrolls
 b - 3 scrolls of identify {unknown}
 k - a scroll of teleportation {unknown}
 n - a scroll of enchant weapon {unknown}
Potions
 d - 2 potions of mutation {unknown}
 e - 2 potions of magic {unknown}
 f - a potion of degeneration {unknown}
 g - a potion of attraction {unknown}
 p - a potion of cancellation {unknown}
 q - a potion of heal wounds {unknown}


   Skills:
 - Level 2.4 Dodging
 - Level 2.4 Stealth
 + Level 7.1 Spellcasting
 + Level 5.5 Conjurations
 + Level 6.4 Fire Magic


You had 10 spell levels left.
You knew the following spells:

 Your Spells              Type           Power      Damage    Failure   Level
a - Foxfire               Conj/Fire      100%       2x1d9     1%          1
b - Sticky Flame          Conj/Fire      34%        2d5       2%          4
c - Fireball              Conj/Fire      17%        3d9       8%          5

Your spell library contained the following spells:

 Spells                   Type           Power      Damage    Failure   Level
 Conjure Flame            Conj/Fire      34%        6-21      1%          3
 Inner Flame              Hex/Fire       21%        N/A       2%          3
 Animate Skeleton         Necr           14%        N/A       3%          1
 Pain                     Necr           28%        1d5       3%          1
 Vampiric Draining        Necr           3%         2d6       10%         3
 Animate Dead             Necr           3%         N/A       32%         4
 Agony                    Necr           7%         N/A       63%         5


Dungeon Overview and Level Annotations

Branches:
Dungeon (4/15)             Temple (1/1) D:4

Altars:
Nemelex Xobeh
Vehumet
Zin

Annotations:
D:4 Edmund


Message History

The foxfire hits Edmund but does no damage.
Edmund is moderately wounded.
The foxfire hits Edmund.
Edmund is moderately wounded.
Edmund completely misses you.
You are too injured to fight recklessly!
Casting: Foxfire (safe; 1% risk of failure)
Confirm with . or Enter, or press ? or * to list all spells.
You conjure some foxfire!
Edmund barely misses you.
You hit Edmund.
Edmund looks even sicker.
Edmund is moderately wounded.
The foxfire hits Edmund but does no damage.
Edmund is moderately wounded.
The foxfire hits Edmund but does no damage.
Edmund is moderately wounded.
Edmund closely misses you.
Casting: Foxfire (safe; 1% risk of failure)
Confirm with . or Enter, or press ? or * to list all spells.
You conjure some foxfire!
Edmund hits you with a +2 flail of protection!
You hit Edmund but do no damage.
Edmund is moderately wounded.
The foxfire hits Edmund but does no damage.
Edmund is heavily wounded.
The foxfire hits Edmund but does no damage.
Edmund is heavily wounded.
Edmund completely misses you.
Edmund hits you with a +2 flail of protection!
* * * LOW HITPOINT WARNING * * *
Casting: Foxfire (safe; 1% risk of failure)
Confirm with . or Enter, or press ? or * to list all spells.
You conjure some foxfire!
Edmund barely misses you.
You barely miss Edmund.
Edmund is heavily wounded.
The foxfire hits Edmund.
Edmund is heavily wounded.
The foxfire hits Edmund.
Edmund is severely wounded.
Edmund hits you with a +2 flail of protection!
You die...

#.## #..#...... ### ##.#
##........ ....####..#
#...#.... .........##
#..##.... #........#
#..##.... #........###
#.###.... #..#.......##
..<.##.... ..
#.....§§.##....##.......
. #.....§#@......#
...... #.....##@..###.#
.....
.......##...###+###
#.... ......#
#...#.....# ##....
#.....
#...#.###.###)....
##....
....+.#>'.'...)... ....
....#.###.#..##...
.>..#.....#.###...
..###'##### ##..


You could see Edmund (very poisoned).

Vanquished Creatures
  A phantom (D:4)
  Blork the orc (D:4)
  A scorpion (D:4)
  An orc priest (D:4)
  Jessica (D:2)
  8 orc wizards
  Natasha (thrice) (D:2)
  4 worker ants (D:4)
  9 gnolls
  4 adders
  2 oozes (D:3)
  2 dart slugs
  A leopard gecko (D:2)
  7 orcs
  5 giant cockroaches
  4 goblins
  10 hobgoblins
  6 jackals
  3 quokkas
  10 bats
  6 frilled lizards
  7 kobolds
  6 rats
102 creatures vanquished.

Vanquished Creatures (others)
  510 foxfires
510 creatures vanquished.

Grand Total: 612 creatures vanquished

Notes
Turn   | Place    | Note
-------+----------+-------------------------------------------
     0 | D:1      | Essalna the Deep Elf Fire Elementalist began the quest for
                  | the Orb.
     0 | D:1      | Reached XP level 1. HP: 10/10 MP: 6/6
   271 | D:1      | Reached XP level 2. HP: 15/15 MP: 4/8
   974 | D:2      | Noticed Jessica
   979 | D:2      | Reached XP level 3. HP: 17/19 MP: 5/10
   979 | D:2      | Killed Jessica
   980 | D:2      | Reached skill level 4 in Spellcasting
   984 | D:2      | Reached XP level 4. HP: 22/24 MP: 1/12
  1614 | D:2      | Noticed Natasha
  1620 | D:2      | Killed Natasha
  1626 | D:2      | Reached XP level 5. HP: 21/28 MP: 3/13
  1637 | D:2      | Noticed Natasha
  1690 | D:2      | Killed Natasha
  1736 | D:2      | Noticed Natasha
  1742 | D:2      | Killed Natasha
  1818 | D:2      | Reached skill level 5 in Spellcasting
  1836 | D:2      | Learned a level 4 spell: Sticky Flame
  1842 | D:2      | Learned a level 5 spell: Fireball
  2385 | D:3      | Reached skill level 5 in Fire Magic
  2385 | D:3      | Reached XP level 6. HP: 26/32 MP: 1/16
  2661 | D:3      | Found a sparkling altar of Nemelex Xobeh.
  3281 | D:3      | Found a glowing silver altar of Zin.
  3518 | D:3      | Found a faded altar of an unknown god.
  3690 | D:4      | Found a staircase to the Ecumenical Temple.
  3702 | Temple   | Entered the Ecumenical Temple
  3708 | Temple   | Became a worshipper of Vehumet
  3737 | D:4      | Reached skill level 6 in Spellcasting
  4041 | D:4      | Noticed Blork the orc
  4047 | D:4      | Killed Blork the orc
  4048 | D:4      | Reached XP level 7. HP: 27/36 MP: 12/18
  4057 | D:4      | Reached skill level 5 in Conjurations
  4466 | D:4      | Reached skill level 7 in Spellcasting
  4601 | D:4      | Noticed Edmund
  4613 | D:4      | Slain by Edmund

Illustrated notes

Levels and vault maps discovered:
D:1:      minmay_arrival_five_plusses, layout_rooms,
          amcnicky_mini_corridor_feature, kennysheep_boxes
D:2:      layout_basic, eino_curves_02, minmay_lizard_pond, uniq_jessica,
          uniq_natasha
D:3:      layout_loops_cross, nicolae_overflow_crystal_walls,
          chequers_ecumenical_altar_twisty, nemelex_dance_club_becter
D:4:      layout_layer_cave, minmay_temple_entry_glassed_door,
          serial_park_tiny_1, minmay_distorted, uniq_eustachio,
          uniq_blork_the_orc, uniq_edmund
Temple:   dshaligram_water_room_temple

Skill      XL: |  1  2  3  4  5  6  7 |
---------------+----------------------+-----
Conjurations   | 2 3 4 5 |  5.5
Spellcasting   | 4 5 6 7 |  7.1
Fire Magic     | 4 5 6 |  6.4
Dodging        | |  2.4
Stealth        | |  2.4

Action                   |  1- 3 |  4- 6 |  7- 9 || total
-------------------------+-------+-------+-------++-------
Melee: Dagger            |       |    29 |     1 ||    30
       Halberd           |       |     9 |       ||     9
       Whip              |       |       |     7 ||     7
 Cast: Foxfire           |    64 |   201 |    52 ||   317
 Stab: Sleeping          |       |     1 |       ||     1
Armor: Robe              |     1 |     5 |     1 ||     7
Dodge: Dodged            |     5 |    28 |     6 ||    39

Table legend: (Time is in decaauts)
 A = Elapsed time spent in this place.
 B = Non-inter-level travel time spent in this place.
 C = Inter-level travel time spent in this place.
 D = Time resting spent in this place.
 E = Time spent auto-exploring this place.
 F = Levels seen in this place.
 G = Mean time per level.
                   A        B        C        D        E       F      G
               +--------+--------+--------+--------+--------+-----+--------+
         Total |   4611 |   4531 |     80 |    121 |   3781 |   5 |  922.2 |
       Dungeon |   4598 |   4523 |     75 |    121 |   3781 |   4 | 1149.5 |
        Temple |     12 |      7 |      5 |      0 |      0 |   1 |   12.0 |
               +--------+--------+--------+--------+--------+-----+--------+

Top non-repeatable levels by time:
     D:3: 1353 daAuts
     D:2: 1248 daAuts
     D:1: 1064 daAuts
     D:4: 932 daAuts
  Temple: 12 daAuts
